 Dungeon Crawl Stone Soup version 0.21-a0-193-g085b6a0 (webtiles) character file.

555 MackTheKnife the Cutter (level 7, -2/38 HPs)
             Began as a Vine Stalker Berserker on Aug 14, 2017.
             Was a Priest of Trog.
             Slain by an orc warrior
             ... wielding a +0 flail
              (5 damage)
             ... on level 4 of the Dungeon.
             The game lasted 00:03:38 (4050 turns).

MackTheKnife the Cutter (Vine Stalker Berserker)    Turns: 4050, Time: 00:03:39

Health: -2/38      AC:  5    Str: 20    XL:     7   Next: 30%
Magic:  0/8        EV: 11    Int:  7    God:    Trog [***...]
Gold:   152        SH:  0    Dex: 15    Spells: 6/6 levels left

rFire    + . .     SeeInvis .   a - +0 short sword
rCold    . . .     Gourm    .   (no shield)
rNeg     . . .     Faith    .   l - +0 ring mail
rPois    .         Spirit   +   (no helmet)
rElec    .         Reflect  .   (no cloak)
rCorr    .         Harm     .   (no gloves)
MR       ++...                  (no boots)
Stlth    +.........             (no amulet)
HPRegen  1.52/turn              k - ring of protection from fire {rF+, !d}
MPRegen  0.11/turn              (no ring)

@: lethally poisoned (-2 -> -2), berserk cooldown, regenerating, slowed, very
slow
A: fangs 2, regeneration 1, magic shield, antimagic bite, no potion heal 3, rot
immunity
a: Berserk, Trog's Hand, Burn Spellbooks, Renounce Religion


You were on level 4 of the Dungeon.
You worshipped Trog.
Trog was most pleased with you.
You were very hungry.

You visited 1 branch of the dungeon, and saw 4 of its levels.
You also visited: Sewer.

You collected 152 gold pieces.

Inventory:

Hand Weapons
 a - a +0 short sword (weapon)
Armour
 l - a +0 ring mail (worn)
   (You found it on level 1 of the Dungeon)
 u - a +0 shield
   (You found it on level 3 of the Dungeon)
Jewellery
 k - a ring of protection from fire (left hand) {rF+, !d}
   (You found it on level 1 of the Dungeon)
Scrolls
 e - a scroll of blinking {unknown}
 f - 8 scrolls of identify {unknown}
 h - a scroll of remove curse {unknown}
 i - 3 scrolls of magic mapping {unknown}
 n - a scroll of fog {unknown}
 q - 3 scrolls of recharging {unknown}
 w - a scroll of teleportation {unknown}
 y - a scroll of random uselessness {unknown}
 A - 2 scrolls of fear {unknown}
 D - a scroll of enchant weapon {unknown}
Potions
 b - 2 potions of magic {unknown}
 d - a potion of invisibility {unknown}
 g - a potion of mutation {unknown}
 p - 4 potions of curing {unknown}
 r - 2 potions of brilliance {unknown}
 s - a potion of flight {unknown}
 t - 2 potions of agility {unknown}
 v - a potion of haste {unknown}
 x - 2 potions of lignification {unknown}
 z - a potion of heal wounds {unknown}
 B - a potion of might {unknown}
Comestibles
 c - 4 bread rations {@e1}
 j - 5 meat rations {@e2}
 m - a royal jelly
 o - 4 fruits
 C - a chunk of flesh {@w0}


   Skills:
 + Level 4.8 Fighting
 + Level 6.2 Short Blades
 - Level 1.5 Armour
 - Level 1.5 Dodging


You had 6 spell levels left.
You didn't know any spells.

Dungeon Overview and Level Annotations

Branches:
Dungeon (4/15)             Temple (0/1) D:4

Altars:


Innate Abilities, Weirdness & Mutations

You have extremely sharp teeth.
Your natural rate of healing is unusually fast.
When hurt, damage is shared between your health and your magic reserves.
Your bite disrupts and absorbs the magic of your enemies.
Potions cannot restore your health.
You are immune to rotting.


Message History

The jackal barely misses you.
You barely miss the jackal. You bite the jackal. You drain its power.
You feel invigorated. The jackal closely misses you.
The jackal barely misses you.
MP restored: 8 You barely miss the jackal.
You bite the jackal. You drain its power.
You feel sick. The jackal misses you.
You take 1 damage, and have 25/38 hp.
You barely miss the jackal. Your bite misses the jackal. The jackal bites you.
You take 1 damage, and have 24/38 hp.
You hit the jackal.
You kill the jackal!
Trog accepts your kill.
You hit the jackal. Your bite misses the jackal. The jackal closely misses you.
You hit the jackal but do no damage. You bite the jackal. You drain its power.
You kill the jackal!
Trog accepts your kill.
You feel sick.
Things that are here:
a jackal corpse; a worker ant corpse You take 1 damage, and have 25/38 hp.
You see here a jackal corpse.
You butcher the jackal corpse.
C - 2 chunks of flesh {@w0} You see here a jackal skeleton.
You feel sick.
You are no longer poisoned.
Eating one of 2 chunks of flesh {@w0}.
You eat one of the 2 chunks of flesh {@w0}.
You start resting.
Health restored: 38
D - a scroll labeled KYEJOD ABARRUI
p - 4 blue potions (gained 1)
You see here 19 stones.
You see here 19 stones. 3 orcs, an orc warrior and an orc wizard come into view.
The orc wizard is wielding a dagger of venom.
An orc is wielding a trident of distortion.
The orc warrior shouts!
The orc wizard shouts!
The orc shouts! x2
A red film seems to cover your vision as you go berserk!
You feel yourself moving faster!
You feel mighty!
You are feeling very hungry.
You now have 57/57 hp.
You feel a strong urge to attack something.
You closely miss the orc wizard. Your bite misses the orc wizard.
The orc closely misses you. The orc wizard casts a spell at you.
You are confused.
You are too confused!
You miss the orc wizard. Your bite misses the orc wizard.
You bump into the rock wall.
You feel a strong urge to attack something.
The orc wizard hits you but does no damage.
You are poisoned.
You miss the orc wizard. You bite the orc wizard.
The orc wizard's magic leaks into the air.
You drain its magic.
You feel sick.
You take 1 damage, and have 56/57 hp.
You bump into the rock wall.
Unknown command.
You hit the orc wizard. You bite the orc wizard!
The orc wizard's magic leaks into the air.
You drain its magic.
You kill the orc wizard!
Trog accepts your kill.
Trog appreciates your killing of a magic user.
You feel sick.
Things that are here:
a dagger of venom; a robe; an orc corpse You bump into the rock wall.
You feel a strong urge to attack something.
You feel less confused.
You are no longer berserk.
You are exhausted.
You feel yourself slow down.
You feel sick. The orc warrior closely misses you.
You now have 37/38 hp.
You hit the orc warrior. The orc closely misses you.
The orc warrior hits you with a flail!
You take 11 damage, and have 26/38 hp.
MASSIVE DAMAGE!!
You now have 5/8 mp.
There's nothing to close nearby.
Unknown command.
Okay, then.
You feel sick. The orc barely misses you.
The orc warrior hits you with a flail! The orc closely misses you.
You take 8 damage, and have 18/38 hp.
MASSIVE DAMAGE!!
You now have 4/8 mp.
Okay, then.
Your skin crawls.
You feel resistant to hostile enchantments.
You feel somewhat more hungry.
You feel sick. The orc warrior hits you with a flail!!
* * * LOW HITPOINT WARNING * * *
The orc misses you.
You take 16 damage, and have 2/38 hp.
MASSIVE DAMAGE!!
You now have 0/8 mp.
You feel sick. The orc warrior hits you with a flail.
You die...

#..........##.#
#.............
#..........##.#
###############.
#..........##.#
#.. #.
#÷.........##.#
#.# ##
#..........##.#
#o#
#†######+####.#
#o# # #.# #.#
#.# #.# . #.#
#.# #.###o# #
#.# #.####..@o)#
#.# #..(..######
#.# #####.# #.#
#.# ### #.# #.#
..# .### #.# #.#
#.# ....
#.####### #.#
#.# ####
#.......# #..
#.# ....
#######.# ###
#.########


You could see an orc warrior and an orc.

Vanquished Creatures
  An ogre (D:4)
  A crimson imp (D:4)
  2 hounds (D:4)
  A jelly (D:4)
  4 orc wizards (D:4)
  A worker ant (D:4)
  3 gnolls (D:4)
  6 adders
  A river rat (D:4)
  An ooze (D:3)
  8 worms
  A leopard gecko (D:3)
  3 orcs
  5 giant cockroaches
  2 goblins
  6 hobgoblins
  17 jackals
  11 kobolds
  A quokka (D:4)
  9 ball pythons
  4 bats (D:3)
  6 frilled lizards
  A quokka skeleton (D:4)
  8 rats
103 creatures vanquished.

Notes
Turn   | Place    | Note
-------+----------+-------------------------------------------
     0 | D:1      | MackTheKnife the Vine Stalker Berserker began the quest for the Orb.
     0 | D:1      | Reached XP level 1. HP: 11/11 MP: 2/2
   145 | D:1      | Reached skill level 3 in Short Blades
   412 | D:1      | Reached XP level 2. HP: 16/16 MP: 3/3
  1087 | D:2      | Reached XP level 3. HP: 16/19 MP: 4/4
  1458 | D:2      | Reached skill level 4 in Short Blades
  1466 | D:2      | Reached ** piety under Trog
  2171 | D:3      | Gained mutation: Your natural rate of healing is unusually fast. [Vine Stalker growth]
  2171 | D:3      | Reached XP level 4. HP: 23/23 MP: 5/5
  2917 | D:4      | Noticed an ogre
  2936 | D:4      | Killed an ogre
  2936 | D:4      | Reached skill level 3 in Fighting
  2936 | D:4      | Reached skill level 5 in Short Blades
  2936 | D:4      | Reached XP level 5. HP: 28/28 MP: 6/6
  2950 | D:4      | Found a staircase to the Ecumenical Temple.
  2975 | D:4      | Reached XP level 6. HP: 33/33 MP: 7/7
  3070 | D:4      | HP: 12/49 [acid (4)]
  3175 | D:4      | Reached skill level 4 in Fighting
  3198 | D:4      | Found a glowing drain.
  3226 | Sewer    | Entered a sewer
  3232 | Sewer    | Reached *** piety under Trog
  3394 | Sewer    | Reached XP level 7. HP: 28/38 MP: 5/8
  3405 | Sewer    | Reached skill level 6 in Short Blades
  4049 | D:4      | HP: 2/38 [orc warrior/flail (17)]
  4050 | D:4      | Slain by an orc warrior

Vault maps used:
D:1:      nzn_arrival_depleted_hourglass
D:3:      first_bread
D:4:      minmay_temple_entry_purple_smoke, portal_sewer_entry_c
Sewer:    sewer_co_scattered_pipes

Skill      XL: |  1  2  3  4  5  6  7 |
---------------+----------------------+-----
Short Blades   | 3 4 5 6 |  6.2
Fighting       | 3 4 |  4.8
Armour         | |  1.5
Dodging        | |  1.5

Action                   |  1- 3 |  4- 6 |  7- 9 || total
-------------------------+-------+-------+-------++-------
Melee: Short sword       |    93 |   198 |    69 ||   360
       Bite              |    19 |    54 |    20 ||    93
Invok: Berserk           |     1 |     3 |     1 ||     5
       Trog's Hand       |       |       |     1 ||     1
 Stab: Sleeping          |     2 |       |       ||     2
  Eat: Chunk             |     1 |     7 |     2 ||    10
       Bread ration      |     1 |       |       ||     1
Armor: Animal skin       |     7 |       |       ||     7
       Ring mail         |     4 |    85 |    17 ||   106
Dodge: Dodged            |    42 |   112 |    49 ||   203

Vault maps used:
D:1:      nzn_arrival_depleted_hourglass
D:3:      first_bread
D:4:      minmay_temple_entry_purple_smoke, portal_sewer_entry_c
Sewer:    sewer_co_scattered_pipes

Table legend:
 A = Turns spent in this place as a percentage of turns spent in the entire game.
 B = Non-inter-level travel turns spent in this place as a percentage of non-inter-level travel turns spent in the entire game.
 C = Inter-level travel turns spent in this place as a percentage of turns spent in this place.
 D = Turns resting spent in this place as a percentage of non-inter-level travel turns spent in this place.
 E = Turns spent auto-exploring this place as a percentage of non-inter-level travel turns spent in this place.
 F = Non-inter-level travel turns spent in this place divided by the number of levels of this place that you've seen.
                   A       B       C       D       E      F
               +-------+-------+-------+-------+-------+----------------------
         Total | 100.0 | 100.0 |   0.6 |   2.1 |  11.3 | 227.0
       Dungeon |  85.2 |  85.1 |   0.7 |   2.3 |  11.1 | 241.5
         Sewer |  14.8 |  14.9 |   0.0 |   1.2 |  12.4 | 169.0
               +-------+-------+-------+-------+-------+----------------------

Table legend:
 A = Kills in this place as a percentage of kills in entire the game.
 B = Kills by you in this place as a percentage of kills by you in the entire game.
 C = Kills by friends in this place as a percentage of kills by friends in the entire game.
 D = Other kills in this place as a percentage of other kills in the entire game.
 E = Experience gained in this place as a percentage of experience gained in the entire game.
 F = Experience gained in this place divided by the number of levels of this place that you have seen.
                   A       B       C       D       E      F
               +-------+-------+-------+-------+-------+----------------------
         Total | 100.0 | 100.0 |  -nan |  -nan | 100.0 | 158.6
       Dungeon |  81.6 |  81.6 |  -nan |  -nan |  94.7 | 187.8
         Sewer |  18.4 |  18.4 |  -nan |  -nan |   5.3 |  42.0
               +-------+-------+-------+-------+-------+----------------------
